 Dungeon Crawl Stone Soup version 0.29-a0-369-gd956c00756 (webtiles) character file.

Game seed: 3896191433045068527

1330 dolemite99 the Digger (level 8, -2/58 HPs)
             Began as a Gnoll Earth Elementalist on May 1, 2022.
             Was a Follower of Sif Muna.
             Slain by Pikel
             ... wielding a +1 whip of flaming
              (4 damage)
             ... on level 4 of the Dungeon.
             The game lasted 00:07:22 (8234 turns).

dolemite99 the Digger (Gnoll Earth Elementalist)    Turns: 8234, Time: 00:07:22

Health: -2/58      AC:  3    Str:  8    XL:     8   Next: 60%
Magic:  0/17       EV: 14    Int: 16    God:    Sif Muna [*.....]
Gold:   161        SH:  0    Dex: 13    Spells: 15/19 levels left

rFire   . . .      SeeInvis .   a - +2 dagger (elec)
rCold   . . .      Faith    .   (no shield)
rNeg    . . .      Spirit   .   B - +0 robe
rPois   .          Reflect  .   n - +0 helmet
rElec   .          Harm     .   (no cloak)
rCorr   .          Rampage  .   (no gloves)
Will    .....                   (no boots)
Stlth   +++.......              (no amulet)
HPRegen 0.19/turn               (no ring)
MPRegen 0.15/turn               (no ring)

@: no status effects
A: fangs 1, strong nose, distributed training
a: Renounce Religion, Channel Magic


You were on level 4 of the Dungeon.
You worshipped Sif Muna.
Sif Muna was aware of your devotion.
You visited 1 branch of the dungeon, and saw 6 of its levels.

You collected 161 gold pieces.

Inventory:

Hand Weapons
 a - a +2 dagger of electrocution (weapon)
 b - a +0 hunting sling
 e - a +0 short sword
 w - the +4 whip of Eternal Night {pain, +Blink Will+ Dex+2}
   (You found it on level 2 of the Dungeon)

   In the hands of one skilled in necromantic magic, it inflicts extra damage on
   living creatures.
   Dex:       It affects your dexterity (+2).
   +Blink:    It lets you blink.
   Will:      It increases your willpower.
 H - a +1 short sword of speed
 I - a +2 dagger of venom
Missiles
 q - 2 boomerangs
 s - 3 javelins
 y - 2 atropa-tipped darts
 D - a throwing net
 E - a stone
Armour
 j - an orb of guile
 n - a +0 helmet (worn)
 B - a +0 robe (worn)
Jewellery
 m - an amulet of reflection
Wands
 c - a wand of charming (12)
 x - a wand of polymorph (8)
Scrolls
 d - 2 scrolls of teleportation
 f - a scroll of fog {unknown}
 h - a scroll of torment
 p - a scroll of blinking {unknown}
 r - 3 scrolls of identify {@r1}
 t - a scroll of fear {unknown}
 C - 2 scrolls of magic mapping {unknown}
 F - a scroll of noise {unknown}
Potions
 g - 2 potions of heal wounds {unknown}
 i - a potion of might
 k - 3 potions of mutation
 l - a potion of brilliance {unknown}
 o - 2 potions of flight
 u - a potion of lignification {unknown}
 v - a potion of invisibility {unknown}
 z - 2 potions of curing {unknown}
 A - 2 potions of resistance {unknown}
 G - a potion of attraction {unknown}


   Skills:
 + Level 3.4 Fighting
 + Level 3.4 Short Blades
 + Level 3.4 Long Blades
 + Level 3.4 Axes
 + Level 3.4 Maces & Flails
 + Level 3.4 Polearms
 + Level 3.4 Staves
 + Level 3.4 Slings
 + Level 3.4 Bows
 + Level 3.4 Crossbows
 + Level 3.4 Throwing
 + Level 3.4 Armour
 + Level 5.8 Dodging
 + Level 5.4 Stealth
 + Level 3.4 Shields
 + Level 3.4 Unarmed Combat
 + Level 6.1 Spellcasting
 + Level 2.8 Conjurations
 + Level 2.8 Hexes
 + Level 2.8 Summonings
 + Level 2.8 Necromancy
 + Level 2.8 Translocations
 + Level 3.5 Transmutations
 + Level 2.8 Fire Magic
 + Level 2.8 Ice Magic
 + Level 2.8 Air Magic
 + Level 6.2 Earth Magic
 + Level 2.8 Poison Magic
 + Level 3.7 Invocations
 + Level 3.4 Evocations


You had 15 spell levels left.
You knew the following spells:

 Your Spells              Type           Power      Damage    Failure   Level
a - Stone Arrow           Conj/Erth      38%        3d9       6%          3
b - Sandblast             Erth           48%        2d12      1%          1

Your spell library contained the following spells:

 Spells                   Type           Power      Damage    Failure   Level
 Passwall                 Tmut/Erth      16%        N/A       2%          2
 Beastly Appendage        Tmut           32%        N/A       3%          1
 Wereblood                Tmut           16%        N/A       4%          2
 Spider Form              Tmut/Pois      15%        N/A       11%         3
 Ignite Poison            Fire/Tmut/Pois 14%        N/A       12%         3
 Conjure Flame            Conj/Fire      13%        6-21      13%         3
 Petrify                  Tmut/Erth      20%        N/A       19%         4
 Ice Form                 Ice/Tmut       15%        N/A       36%         4
 Hailstorm                Conj/Ice       13%        3d5       38%         4
 Sticky Flame             Conj/Fire      13%        2d4       38%         4
 Simulacrum               Ice/Necr       6%         N/A       100%        6


Dungeon Overview and Level Annotations

Branches:
Dungeon (6/15)
 Temple: D:4-7

Altars:
Qazlal
Sif Muna

Annotations:
D:4 Pikel


Innate Abilities, Weirdness & Mutations

You have very sharp teeth.
Your uncanny sense of smell can sniff out nearby items.
Your experience applies equally to all skills.


Message History

Pikel is moderately wounded.
Pikel hits you with a +1 whip of flaming!
Pikel burns you.
Casting: Stone Arrow (dangerous; 6% risk of failure)
Confirm with . or Enter, or press ? or * to list all spells.
Aiming: Stone Arrow (dangerous; 6% risk of failure)
Press: ? - help, Shift-Dir - straight line, f/p - Pikel
Aim: Pikel, wielding a +1 whip of flaming and wearing a +0 robe (moderately wounded, 60% to hit)
The stone arrow hits Pikel!
Pikel is heavily wounded.
Pikel waves his whip at you.
Pikel hits you with a +1 whip of flaming!
Pikel burns you. The lemure hits you!
Casting: Stone Arrow (dangerous; 6% risk of failure)
Confirm with . or Enter, or press ? or * to list all spells.
Aiming: Stone Arrow (dangerous; 6% risk of failure)
Press: ? - help, Shift-Dir - straight line, f/p - Pikel
Aim: Pikel, wielding a +1 whip of flaming and wearing a +0 robe (heavily wounded, 60% to hit)
The stone arrow hits Pikel!
Pikel is almost dead.
Pikel hits you with a +1 whip of flaming!
* * * LOW HITPOINT WARNING * * *
Pikel burns you.
* * * LOW HITPOINT WARNING * * *
The lemure hits you.
* * * LOW HITPOINT WARNING * * *
Casting: Stone Arrow (dangerous; 6% risk of failure)
Confirm with . or Enter, or press ? or * to list all spells.
You don't have enough magic to cast this spell.
Casting: Stone Arrow (dangerous; 6% risk of failure)
Confirm with . or Enter, or press ? or * to list all spells.
Aiming: Sandblast (safe; 1% risk of failure)
Press: ? - help, Shift-Dir - straight line, f/p - Pikel
Aim: Pikel, wielding a +1 whip of flaming and wearing a +0 robe (almost dead, 76% to hit)
The blast of sand misses Pikel.
The blast of sand hits the lemure!
The lemure is heavily wounded.
Pikel hits you with a +1 whip of flaming!
* * * LOW HITPOINT WARNING * * *
Pikel burns you.
You die...

.....5......................)....
#....##......................#.#
.#....##.#....#..#...............
....5.##.#.......#..#.#.##..#.#.#
.##...##.#...#...#..#.#..........
........K.............####..#....
.##...##.#...##.5#.##.####†.#.###
. #...##.#...##5K# #....#.......
.##...##.#...##.@#.##>...#..#.###
.........................)....# #
......####...##..#.#.....#..##...
###..............#.#.....#..#####
###..#####...##..# #...........#
............................##.#
.......###.#.##..#.#........##.##
........<........................
####.#)..#.#.....................


You could see Pikel and 2 lemures.

Vanquished Creatures
  Duvessa (D:4)
  2 ice beasts (D:6)
  A black bear (D:5)
  2 ogres (D:5)
  A lemure (D:4)
  A phantom (D:6)
  Blork the orc (D:4)
  A necrophage (D:6)
  Dowan (D:4)
  An electric eel (D:6)
  2 jellies
  An orc priest (D:4)
  A hound (D:4)
  Natasha (thrice) (D:2)
  3 orc wizards
  Robin (D:2)
  4 gnolls
  9 adders
  An ufetubus (D:3)
  A dart slug (D:2)
  18 orcs
  8 endoplasms
  5 giant cockroaches
  15 goblins
  9 hobgoblins
  3 quokkas
  8 ball pythons
  5 bats
  13 frilled lizards
  3 kobolds
  3 rats
128 creatures vanquished.

Vanquished Creatures (others)
  5 plants (D:1)
5 creatures vanquished.

Grand Total: 133 creatures vanquished

Notes
Turn   | Place    | Note
-------+----------+-------------------------------------------
     0 | D:1      | dolemite99 the Gnoll Earth Elementalist began the quest for
                  | the Orb.
     0 | D:1      | Reached XP level 1. HP: 13/13 MP: 6/6
   396 | D:1      | Reached XP level 2. HP: 19/19 MP: 3/7
   973 | D:1      | Reached XP level 3. HP: 17/25 MP: 6/9
   978 | D:1      | Reached skill level 5 in Spellcasting
  1414 | D:2      | Found a shimmering blue altar of Sif Muna.
  1421 | D:2      | Noticed Robin
  1427 | D:2      | Reached skill level 1 in Invocations
  1490 | D:1      | Reached skill level 1 in Fighting
  1490 | D:1      | Reached skill level 1 in Short Blades
  1490 | D:1      | Reached skill level 1 in Long Blades
  1490 | D:1      | Reached skill level 1 in Axes
  1490 | D:1      | Reached skill level 1 in Maces & Flails
  1490 | D:1      | Reached skill level 1 in Polearms
  1490 | D:1      | Reached skill level 1 in Staves
  1490 | D:1      | Reached skill level 1 in Slings
  1490 | D:1      | Reached skill level 1 in Bows
  1490 | D:1      | Reached skill level 1 in Crossbows
  1490 | D:1      | Reached skill level 1 in Throwing
  1490 | D:1      | Reached skill level 1 in Armour
  1490 | D:1      | Reached skill level 1 in Shields
  1490 | D:1      | Reached skill level 1 in Unarmed Combat
  1490 | D:1      | Reached skill level 1 in Evocations
  1629 | D:2      | Killed Robin
  1630 | D:2      | Reached XP level 4. HP: 21/32 MP: 6/11
  2020 | D:2      | Found a faded altar of an unknown god.
  2084 | D:2      | Became a worshipper of Sif Muna the Loreminder
  2097 | D:2      | Noticed Natasha
  2104 | D:2      | Killed Natasha
  2105 | D:2      | Reached skill level 1 in Conjurations
  2105 | D:2      | Reached skill level 1 in Hexes
  2105 | D:2      | Reached skill level 1 in Summonings
  2105 | D:2      | Reached skill level 1 in Necromancy
  2105 | D:2      | Reached skill level 1 in Translocations
  2105 | D:2      | Reached skill level 1 in Fire Magic
  2105 | D:2      | Reached skill level 1 in Ice Magic
  2105 | D:2      | Reached skill level 1 in Air Magic
  2105 | D:2      | Reached skill level 1 in Poison Magic
  2109 | D:2      | Identified the +4 whip of Eternal Night {pain, +Blink Will+
                  | Dex+2}
  2167 | D:2      | Noticed Natasha
  2176 | D:2      | Killed Natasha
  2177 | D:2      | Reached XP level 5. HP: 32/37 MP: 8/12
  2414 | D:2      | Noticed Natasha
  2422 | D:2      | Killed Natasha
  2535 | D:2      | Identified the +1 leather armour of Responsibility {rC+}
  2985 | D:2      | Reached XP level 6. HP: 12/44 MP: 8/13
  3497 | D:2      | Learned a level 3 spell: Stone Arrow
  3730 | D:3      | Reached * piety under Sif Muna
  3788 | D:3      | You fall into a shaft and drop 3 floors!
  3862 | D:6      | Reached skill level 5 in Dodging
  3952 | D:6      | Noticed an ice beast
  3964 | D:6      | Killed an ice beast
  4836 | D:6      | Reached XP level 7. HP: 44/51 MP: 10/15
  5495 | D:6      | Reached skill level 5 in Stealth
  5597 | D:6      | Noticed a troll
  5624 | D:5      | Entered Level 5 of the Dungeon
  5803 | D:5      | Reached XP level 8. HP: 57/57 MP: 9/16
  5949 | D:5      | Found a stormy altar of Qazlal.
  6947 | D:4      | Noticed Blork the orc
  6954 | D:4      | Killed Blork the orc
  7297 | D:4      | Noticed Duvessa
  7297 | D:4      | Noticed Dowan
  7313 | D:4      | Killed Duvessa
  7324 | D:4      | Killed Dowan
  7339 | D:4      | Noticed Pikel
  8234 | D:4      | HP: 2/58 [Pikel/+1 whip of flaming (8)]
  8234 | D:4      | Slain by Pikel

Illustrated notes

Levels and vault maps discovered:
D:1:      ebering_hopf_link, layout_rooms, minmay_lizard_king
D:2:      layout_rooms, basic_altar, shapermc_ecumenical_altar_totnotflames,
          minmay_strange_pillars, uniq_robin, uniq_natasha
D:3:      layout_rooms, portal_sewer_entry_d, st_stairs_3,
          kennysheep_generic_room_13, uniq_grinder
D:4:      layout_basic, uniq_pikel, uniq_blork_the_orc, uniq_duvessa
D:5:      layout_gridville, lemuel_crystal_altar, minmay_temple_entry_grid
D:6:      layout_layer_cave, minivault_14, uniq_eustachio

Skill      XL: |  1  2  3  4  5  6  7  8 |
---------------+-------------------------+-----
Transmutations | 2 3 |  3.5
Spellcasting   | 5 6 |  6.1
Invocations    | 1 2 3 |  3.7
Fighting       | 1 2 3 |  3.4
Short Blades   | 1 2 3 |  3.4
Long Blades    | 1 2 3 |  3.4
Axes           | 1 2 3 |  3.4
Maces & Flails | 1 2 3 |  3.4
Polearms       | 1 2 3 |  3.4
Staves         | 1 2 3 |  3.4
Slings         | 1 2 3 |  3.4
Bows           | 1 2 3 |  3.4
Crossbows      | 1 2 3 |  3.4
Throwing       | 1 2 3 |  3.4
Armour         | 1 2 3 |  3.4
Shields        | 1 2 3 |  3.4
Unarmed Combat | 1 2 3 |  3.4
Evocations     | 1 2 3 |  3.4
Conjurations   | 1 2 |  2.8
Hexes          | 1 2 |  2.8
Summonings     | 1 2 |  2.8
Necromancy     | 1 2 |  2.8
Translocations | 1 2 |  2.8
Fire Magic     | 1 2 |  2.8
Ice Magic      | 1 2 |  2.8
Air Magic      | 1 2 |  2.8
Poison Magic   | 1 2 |  2.8
Dodging        | 5 |  5.8
Stealth        | 5 |  5.4
Earth Magic    | 6 |  6.2

Action                   |  1- 3 |  4- 6 |  7- 9 || total
-------------------------+-------+-------+-------++-------
Melee: Short sword       |     1 |       |       ||     1
       Dagger            |    34 |     2 |    18 ||    54
       Bite              |     4 |     4 |     3 ||    11
       Punch             |     1 |     1 |       ||     2
       Whip              |       |    14 |       ||    14
 Fire: Hunting sling     |       |       |    49 ||    49
 Cast: Sandblast         |    49 |    92 |    27 ||   168
       Stone Arrow       |       |     8 |    30 ||    38
  Use: Scroll            |       |     4 |     1 ||     5
       Potion            |       |       |     2 ||     2
Armor: Robe              |    12 |    20 |     6 ||    38
Dodge: Dodged            |    36 |   100 |    42 ||   178

Table legend: (Time is in decaauts)
 A = Elapsed time spent in this place.
 B = Non-inter-level travel time spent in this place.
 C = Inter-level travel time spent in this place.
 D = Time resting spent in this place.
 E = Time spent auto-exploring this place.
 F = Levels seen in this place.
 G = Mean time per level.
                   A        B        C        D        E       F      G
               +--------+--------+--------+--------+--------+-----+--------+
         Total |   8251 |   8122 |    129 |   3866 |   3040 |   6 | 1375.2 |
       Dungeon |   8251 |   8122 |    129 |   3866 |   3040 |   6 | 1375.2 |
               +--------+--------+--------+--------+--------+-----+--------+

Top non-repeatable levels by time:
     D:6: 1836 daAuts
     D:1: 1740 daAuts
     D:4: 1620 daAuts
     D:2: 1584 daAuts
     D:5: 1002 daAuts
     D:3: 468 daAuts
